 Dungeon Crawl Stone Soup version 0.31-a0-236-g9a0961fb85 (webtiles) character file.

Game seed: 15120859795054004222

298 juan097 the Shield-Bearer (level 6, -2/49 HPs)
             Began as a Formicid Fighter on July 10, 2023.
             Was a Believer of Wu Jian.
             Slain by Duvessa
             ... wielding a +2 short sword of electrocution
              (4 damage)
             ... on level 4 of the Dungeon.
             The game lasted 00:05:26 (2327 turns).

juan097 the Shield-Bearer (Formicid Fighter)        Turns: 2327, Time: 00:05:26

Health: -2/49      AC:  7    Str: 23    XL:     6   Next: 62%
Magic:  6/6        EV: 10    Int:  7    God:    Wu Jian [**....]
Gold:   144        SH: 10    Dex: 13    Spells: 5/5 levels left

rFire   + . .        a - +0 flail
rCold   . . .        c - +0 buckler
rNeg    . . .        k - +0 ring mail {rF+}
rPois   .            (helmet unavailable)
rElec   .            p - +1 cloak
rCorr   .            (no gloves)
SInv    +            (no boots)
Will    .....        r - amulet of reflection
Stlth   +            (no ring)
HPRegen 0.28/turn    (no ring)
MPRegen 0.10/turn

%: reflection
@: mighty, lit by a corona, glowing
A: permanent stasis, dig shafts and tunnels, antennae 3, four strong arms
a: Dig, Shaft Self, Renounce Religion, Wall Jump


You were on level 4 of the Dungeon.
You worshipped Wu Jian.
Wu Jian was pleased with you.
You visited 1 branch of the dungeon, and saw 4 of its levels.

You collected 144 gold pieces.

Inventory:

Hand Weapons
 a - a +0 flail (weapon)
 b - a +0 sling
Missiles
 m - 3 boomerangs
 t - 3 poisoned darts
Armour
 c - a +0 buckler (worn)
 j - a +0 scale mail
 k - a +0 ring mail of fire resistance (worn)
 p - a +1 cloak (worn)
Jewellery
 r - an amulet of reflection (around neck)
Wands
 o - a wand of paralysis (5)
Scrolls
 h - 2 scrolls of identify {unknown}
 i - a scroll of blinking {unknown}
 n - a scroll of enchant armour {unknown}
 u - a scroll of torment {unknown}
Potions
 e - 2 potions of resistance {unknown}
 f - 2 potions of berserk rage {unknown}
 g - a potion of heal wounds {unknown}
 l - a potion of curing
 q - a potion of enlightenment {unknown}


   Skills:
 + Level 4.5 Fighting
 * Level 4.2 Maces & Flails
 - Level 3.2 Armour
 + Level 3.4 Stealth
 + Level 5.4 Shields


You had 5 spell levels left.
You didn't know any spells.
Your spell library contained the following spells:

 Spells                   Type           Power      Damage    Failure   Level
 Freeze                   Ice            0%         1d3       65%         1
 Frozen Ramparts          Ice            0%         1d1       95%         3
 Hailstorm                Conj/Ice       0%         3d3       95%         3


Dungeon Overview and Level Annotations

Branches:
Dungeon (4/15)             Temple (0/1) D:4

Altars:
Wu Jian

Annotations:
D:3 Eustachio
D:4 Duvessa


Innate Abilities, Weirdness & Mutations

You cannot be hasted, slowed, berserked, paralysed or teleported.
You can dig through walls and to a lower floor.
You have a pair of large antennae on your head. (SInv)
Your four strong arms can wield two-handed weapons with a shield.


Message History

a +2 dagger of speed; a +0 robe
Found a puce potion.
There is a staircase to the Ecumenical Temple here.
Aiming: Paralyse
Press: ? - help, Shift-Dir - straight line, f - Duvessa
Aim: Duvessa, wielding a +2 short sword of electrocution and wearing a +0 ring mail (berserk, chance to affect: 31%)
Okay, then.
Throw: dart (curare)
Press: ? - help, Shift-Dir - straight line, f - Duvessa
Aim: Duvessa, wielding a +2 short sword of electrocution and wearing a +0 ring mail (berserk, 67% to hit)
You throw a curare-tipped dart.
The curare-tipped dart barely misses Duvessa.
Throw: 4 darts (poison)
Press: ? - help, Shift-Dir - straight line, f/p - Duvessa
Aim: Duvessa, wielding a +2 short sword of electrocution and wearing a +0 ring mail (berserk, 67% to hit)
You throw a poisoned dart. The poisoned dart hits Duvessa.
Duvessa is poisoned.
Duvessa hits you with a +2 short sword of electrocution.
You hit Duvessa but do no damage. You block Duvessa's attack.
Duvessa hits you with a +2 short sword of electrocution.
You closely miss Duvessa.
Duvessa hits you with a +2 short sword of electrocution.
You feel very mighty all of a sudden.
Duvessa hits you with a +2 short sword of electrocution! x2
You thump Duvessa!
Duvessa is moderately wounded.
You block Duvessa's attack.
Duvessa hits you with a +2 short sword of electrocution!
* * * LOW HITPOINT WARNING * * *
You bludgeon Duvessa!!
Duvessa is heavily wounded.
Duvessa looks more healthy.
You block Duvessa's attack.
You hit Duvessa.
Duvessa is severely wounded.
You block Duvessa's attack. Duvessa hits you but does no damage.
You hit Duvessa.
Duvessa is severely wounded.
Duvessa hits you with a +2 short sword of electrocution.
* * * LOW HITPOINT WARNING * * *
Duvessa hits you with a +2 short sword of electrocution.
You die...

######.....###'###..# .#
.........###...###.)## ..##
.........#......#....+.....
.........#..................
.........#..#.#)#.#.#.......
.........#.....(............
.........##.#...(...#.######
#'########......e........
............#...@...#.#..
...........................
............#.......#......
......................#....
............#.#.#.#.#.#...
.................!....#
....####.##+##+# .#...#
....#### ## ### ........


You could see Duvessa (berserk).

Vanquished Creatures
  Dowan (D:4)
  An orc priest (D:2)
  2 iguanas
  A sleepcap (D:4)
  Ijyb (D:3)
  An orc wizard (D:2)
  2 adders (D:3)
  3 worms
  8 orcs
  5 bats
  2 endoplasms
  2 giant cockroaches
  7 goblins
  4 hobgoblins
  3 jackals (D:1)
  6 kobolds
  3 ball pythons
  3 frilled lizards
  3 rats
58 creatures vanquished.

Notes
Turn   | Place    | Note
-------+----------+-------------------------------------------
     0 | D:1      | juan097 the Formicid Fighter began the quest for the Orb.
     0 | D:1      | Reached XP level 1. HP: 18/18 MP: 1/1
   167 | D:1      | Reached XP level 2. HP: 24/24 MP: 2/2
   328 | D:1      | Reached skill level 1 in Stealth
   591 | D:2      | Found a faded altar of an unknown god.
   632 | D:2      | Reached XP level 3. HP: 29/29 MP: 3/3
   660 | D:2      | Prayed at the altar of an unknown god.
   660 | D:2      | Became a worshipper of the Wu Jian Council
   660 | D:2      | Reached * piety under Wu Jian
   934 | D:2      | Reached XP level 4. HP: 17/37 MP: 4/4
  1289 | D:3      | Noticed Ijyb
  1302 | D:3      | Killed Ijyb
  1303 | D:3      | Reached XP level 5. HP: 30/42 MP: 5/5
  1409 | D:3      | Reached skill level 5 in Shields
  1664 | D:3      | Reached XP level 6. HP: 35/48 MP: 6/6
  1924 | D:4      | Noticed a black bear
  1972 | D:4      | Noticed Eustachio
  2278 | D:4      | Found a staircase to the Ecumenical Temple.
  2287 | D:4      | Reached ** piety under Wu Jian
  2296 | D:4      | Noticed Dowan
  2310 | D:4      | Killed Dowan
  2311 | D:4      | Noticed Duvessa
  2327 | D:4      | HP: 2/49 [Duvessa/+2 short sword of electrocution (4)]
  2327 | D:4      | Slain by Duvessa

Illustrated notes

Levels and vault maps discovered:
D:1:      dpeg_arrival_rooms_c, layout_basic, minmay_misc_feat_secret_circle,
          minmay_misc_feat_alley
D:2:      layout_loops_ring, chequers_ecumenical_altar_island
D:3:      layout_basic, serial_curves, eino_curves_02, eino_curves_03,
          chequers_serial_rivers_micro_a, uniq_ijyb
D:4:      layout_gridville, lemuel_mausoleum_altar_yredelemnul,
          minmay_temple_entry_glass, grunt_ministairs_8, uniq_eustachio,
          uniq_crazy_yiuf_cottage, uniq_edmund, uniq_duvessa

Skill      XL: |  1  2  3  4  5  6 |
---------------+-------------------+-----
Stealth        | 1 2 3 |  3.4
Maces & Flails | 3 4 |  4.2
Fighting       | 4 |  4.5
Shields        | 5 |  5.4
Armour         | |  3.2

Action                     |  1- 3 |  4- 6 || total
---------------------------+-------+-------++-------
  Melee: Flail             |    65 |   140 ||   205
   Fire: Sling             |       |    21 ||    21
  Throw: Dart              |       |     4 ||     4
         Boomerang         |       |     1 ||     1
Ability: Dig               |     1 |     1 ||     2
         Lunge             |     1 |     6 ||     7
         Whirlwind         |       |     6 ||     6
    Use: Potion            |       |     1 ||     1
 Armour: Scale mail        |    26 |       ||    26
         Ring mail         |       |    51 ||    51
  Dodge: Dodged            |    32 |    60 ||    92
  Block: Buckler           |    18 |    58 ||    76

Table legend: (Time is in decaauts)
 A = Elapsed time spent in this place.
 B = Non-inter-level travel time spent in this place.
 C = Inter-level travel time spent in this place.
 D = Time resting spent in this place.
 E = Time spent auto-exploring this place.
 F = Levels seen in this place.
 G = Mean time per level.
                   A        B        C        D        E       F      G
               +--------+--------+--------+--------+--------+-----+--------+
         Total |   2385 |   2307 |     78 |      0 |   1659 |   4 |  596.2 |
       Dungeon |   2385 |   2307 |     78 |      0 |   1659 |   4 |  596.2 |
               +--------+--------+--------+--------+--------+-----+--------+

Top non-repeatable levels by time:
     D:2: 752 daAuts
     D:3: 649 daAuts
     D:1: 536 daAuts
     D:4: 447 daAuts
